 Dungeon Crawl Stone Soup version 0.31-a0-128-g25add195a6 (webtiles) character file.

Game seed: 4054028846226289493

127 Dittersdorf the Covered (level 5, -2/33 HPs)
             Began as a Gargoyle Fighter on June 1, 2023.
             Slain by an orc
             ... wielding a +0 flail
              (5 damage)
             ... on level 3 of the Dungeon.
             The game lasted 00:02:25 (1436 turns).

Dittersdorf the Covered (Gargoyle Fighter)          Turns: 1436, Time: 00:02:25

Health: -2/33      AC: 13    Str: 22    XL:     5   Next: 11%
Magic:  0/5        EV:  8    Int:  8    God:
Gold:   149        SH:  4    Dex:  9    Spells: 4/4 levels left

rFire   . . .        a - +0 flail
rCold   . . .        c - +0 buckler
rNeg    + . .        p - +0 chain mail
rPois   ∞            (no helmet)
rElec   +            (no cloak)
rCorr   .            (no gloves)
SInv    .            (no boots)
Will    .....        i - amulet of guardian spirit Stlth
                     (no ring)
HPRegen 0.25/turn    (no ring)
MPRegen 0.09/turn

%: guardian spirit
@: no status effects
A: sickness immunity, AC +4, negative energy resistance 1, electricity
resistance, torment resistance 1, petrification resistance
a: no special abilities


You were on level 3 of the Dungeon.
You visited 1 branch of the dungeon, and saw 3 of its levels.

You collected 149 gold pieces.

Inventory:

Hand Weapons
 a - a +0 flail (weapon)
Armour
 c - a +0 buckler (worn)
 p - a +0 chain mail (worn)
Jewellery
 i - an amulet of guardian spirit (around neck)
 m - a ring of fire
Scrolls
 b - a scroll of blinking {unknown}
 e - a scroll of fog {unknown}
 f - a scroll of enchant armour {unknown}
 h - a scroll of enchant weapon {unknown}
 j - a scroll of amnesia {unknown}
 l - a scroll of magic mapping
 o - a scroll of teleportation {unknown}
Potions
 d - a potion of might
 g - a potion of resistance
 k - a potion of heal wounds
 n - a potion of cancellation {unknown}
 q - a potion of degeneration {unknown}


   Skills:
 + Level 4.1 Fighting
 + Level 3.0 Maces & Flails
 + Level 4.2 Armour
 + Level 4.2 Shields


You had 4 spell levels left.
You didn't know any spells.
Your spell library was empty.

Dungeon Overview and Level Annotations

Branches:
Dungeon (3/15)

Altars:


Innate Abilities, Weirdness & Mutations

You are immune to sickness and miasma.
Your stone body is resilient. (AC +4)
You are immune to poison.
You resist negative energy. (rN+)
You are resistant to electric shocks. (rElec)
You are resistant to unholy torment.
You are immune to petrification.


Message History

You hit the orc priest but do no damage.
The orc priest is almost dead.
The hobgoblin hits you but does no damage.
The orc misses you. The orc hits you but does no damage.
The orc priest closely misses you.
You barely miss the orc priest.
The orc priest is almost dead.
An orc comes into view. It is wielding a +0 whip.
You block the orc's attack. The orc hits you but does no damage.
The hobgoblin hits you but does no damage.
You block the orc's attack. The orc priest barely misses you.
You barely miss the orc priest.
The orc priest is almost dead.
The orc shouts!
You block the orc's attack. The orc hits you but does no damage.
The hobgoblin barely misses you. The orc barely misses you.
The orc priest barely misses you.
The orc hits you with a +1 hand axe of freezing.
* * * LOW HITPOINT WARNING * * *
The orc freezes you.
* * * LOW HITPOINT WARNING * * *
The orc priest looks braver for a moment.
The hobgoblin barely misses you. The orc hits you but does no damage.
The orc closely misses you.
You hit the orc priest.
You kill the orc priest!
The orc hits you with a +1 hand axe of freezing.
* * * LOW HITPOINT WARNING * * *
The orc freezes you.
* * * LOW HITPOINT WARNING * * *
An orc comes into view. It is wielding a +1 dagger of speed.
The hobgoblin hits you but does no damage.
The orc barely misses you. x2
Your Maces & Flails skill increases to level 3!
You have reached level 5!
The hobgoblin attacks as you move away!
The hobgoblin hits you but does no damage.
The orc closely misses you. The orc barely misses you.
The orc hits you with a +0 flail.
You die...

....... ..#.# ........##
##....# .........# #.....
.........####+#.#.#
.........#........#
.........#........#
.........#........#......
......)oo.........#......
......)g@.........#......
..###..oo.........#(.....
####'#........#..)...
#o####...#.#...... #.#
#####(#...... ..#
#........... ...
#.#####.###. ..# #
#.....# #. #.###.# #.


You could see 5 orcs and a hobgoblin.

Vanquished Creatures
  An orc priest (D:3)
  4 gnolls
  An adder (D:2)
  2 orcs (D:3)
  9 endoplasms
  4 goblins
  7 hobgoblins
  3 kobolds
  6 ball pythons
  3 bats (D:1)
  3 frilled lizards (D:1)
  3 rats
46 creatures vanquished.

Notes
Turn   | Place    | Note
-------+----------+-------------------------------------------
     0 | D:1      | Dittersdorf the Gargoyle Fighter began the quest for the
                  | Orb.
     0 | D:1      | Reached XP level 1. HP: 14/14 MP: 1/1
   181 | D:1      | Found a faded altar of an unknown god.
   185 | D:1      | Reached XP level 2. HP: 17/19 MP: 2/2
   584 | D:2      | Identified the +1 robe of Dyspraxia {Harm Drain rF+ Regen+}
   600 | D:2      | Reached XP level 3. HP: 23/23 MP: 3/3
  1082 | D:1      | Reached XP level 4. HP: 21/29 MP: 4/4
  1436 | D:3      | Reached XP level 5. HP: 2/33 MP: 0/5
  1436 | D:3      | Slain by an orc

Illustrated notes

Levels and vault maps discovered:
D:1:      lightli_arrival_maybe_door_vault, layout_rooms,
          ebering_ecumenical_altar_abandoned, minmay_pentomino_p2
D:2:      layout_rooms
D:3:      layout_basic, minmay_crystal_room, uniq_jessica

Skill      XL: |  1  2  3  4 |
---------------+-------------+-----
Armour         | 4 |  4.2
Shields        | 4 |  4.2
Fighting       | 4 |  4.1
Maces & Flails | 3 |  3.0

Action                     |  1- 3 |  4- 6 || total
---------------------------+-------+-------++-------
  Melee: Flail             |    94 |    29 ||   123
    Use: Scroll            |     3 |       ||     3
 Armour: Scale mail        |    55 |     5 ||    60
         Chain mail        |       |    16 ||    16
  Dodge: Dodged            |    57 |    29 ||    86
  Block: Buckler           |    31 |     5 ||    36

Table legend: (Time is in decaauts)
 A = Elapsed time spent in this place.
 B = Non-inter-level travel time spent in this place.
 C = Inter-level travel time spent in this place.
 D = Time resting spent in this place.
 E = Time spent auto-exploring this place.
 F = Levels seen in this place.
 G = Mean time per level.
                   A        B        C        D        E       F      G
               +--------+--------+--------+--------+--------+-----+--------+
         Total |   1480 |   1444 |     36 |    213 |    821 |   3 |  493.3 |
       Dungeon |   1480 |   1444 |     36 |    213 |    821 |   3 |  493.3 |
               +--------+--------+--------+--------+--------+-----+--------+

Top non-repeatable levels by time:
     D:1: 797 daAuts
     D:2: 527 daAuts
     D:3: 156 daAuts
